AoeStats
← [RZ] HardZeeiRa-BR

Arabia

509092378Analyzed
1v1 RM · 6d ago on Sep 25, 2026· 19m 3s· 2 players
Game mode
Random Map
Map size
Tiny (2 player)
Population
200
Speed
Normal
Resources
Standard
Victory
Conquest
Starting age
Dark Age
Ending age
Imperial Age
RankedLock teamsTeams togetherTeam positionsShared explorationLock speedFull tech treeHidden civsTurbo modeCheats
Victory
Defeat
🇵🇱 Poles · Poland
1228
+15
🇧🇷 Varangians · Brazil
1200
-15
[RZ] HardZeeiRa-BR
6:19 Loom
9:28 Feudal Age
10:04 Double-Bit Axe
10:29 Horse Collar
HTF
6:45 Loom
9:24 Feudal Age
10:03 Double-Bit Axe
12:09 Horse Collar
19:38 Castle Age
18:37 Fletching
Connection lost

Rejoining the realm…

Still unreachable

The connection could not be restored.

Session expired

The server has moved on; the page needs a fresh start.